 Dungeon Crawl Stone Soup version 0.19-a0-1886-gd64a0f0 (webtiles) character file.

326401 Kirkhe the Executioner (level 21, -5/188 HPs)
             Began as a Demonspawn Gladiator on Oct 16, 2016.
             Was the Champion of Okawaru.
             Slain by a centaur warrior (9 damage)
             ... on level 3 of the Vaults.
             The game lasted 02:07:32 (41174 turns).

Kirkhe the Executioner (Demonspawn Gladiator)      Turns: 41174, Time: 02:07:33

Health: -5/188     AC: 30    Str: 24    XL:     21   Next: 9%
Magic:  25/27      EV: 12    Int: 12    God:    Okawaru [******]
Gold:   3221       SH:  4    Dex: 13    Spells: 0 memorised, 20 levels left

rFire  + + .     SeeInvis +     H - +4 executioner's axe (flame)
rCold  + + +     Gourm    .     A - +1 plate armour "Kiegaus" {*Drain rF++ Regen+ Stlth-}
rNeg   . . .     Faith    .     (shield currently unavailable)
rPois  .         Spirit   .     (helmet unavailable)
rElec  +         Dismiss  .     x - +2 cloak {+Inv}
rCorr  .         Reflect  +     y - +1 pair of gloves "Cestos" {*Contam rElec rC+++ Stlth+}
MR     ++...     Harm     .     z - +2 pair of boots {run}
Stlth  ..........               c - +4 amulet of reflection
                                J - ring of protection from magic
                                T - +3 ring of slaying

@: very slightly contaminated, hasted, heavily drained, very quick
A: antennae 3, thin metallic scales 3, foul stench 2, powered by death 3, robust
1, rot immunity
a: Heroism, Finesse, Renounce Religion, Evoke Invisibility
}: 1/15 runes: barnacled


You were on level 3 of the Vaults.
You worshipped Okawaru.
Okawaru was exalted by your worship.
You were very hungry.

You visited 8 branches of the dungeon, and saw 35 of its levels.
You visited the Abyss 2 times.
You also visited: Volcano.

You collected 4193 gold pieces.
You spent 972 gold pieces at shops.

Inventory:

Hand Weapons
 p - a +0 blowgun
 H - a +4 executioner's axe of flaming (weapon)
Missiles
 d - 27 curare-tipped needles
 e - 6 silver javelins
 C - 5 throwing nets (quivered)
Armour
 b - a +2 buckler of fire resistance
 x - a +2 cloak of invisibility (worn)
 y - the +1 pair of gloves "Cestos" (worn) {*Contam rElec rC+++ Stlth+}
   (You acquired it on level 6 of the Dungeon)

   It renders you almost immune to cold.
   It insulates you from electricity.
   It causes magical contamination when unequipped.
   It makes you more stealthy.
 z - a +2 pair of boots of running (worn)
 A - the +1 plate armour "Kiegaus" (worn) {*Drain rF++ Regen+ Stlth-}
   (Okawaru gifted it to you on level 3 of the Shoals)

   It greatly protects you from fire.
   It increases your rate of regeneration.
   It causes draining when unequipped.
   It makes you less stealthy.
 B - the +0 pair of gloves "Egan" {*Drain rElec rCorr Str+4}
   (Okawaru gifted it to you on level 2 of the Vaults)

   It affects your strength (+4).
   It insulates you from electricity.
   It protects you from acid and corrosion.
   It causes draining when unequipped.
 I - a +0 crystal plate armour
 S - the +0 pair of boots "Cuafehij" {*Slow rPois MR+ rCorr}
   (Okawaru gifted it to you on level 6 of the Lair of Beasts)

   It protects you from poison.
   It affects your resistance to hostile enchantments.
   It protects you from acid and corrosion.
   It may slow you when you take damage.
Jewellery
 c - a +4 amulet of reflection (around neck)
 t - the ring "Paxiz" {Int+3 Dex+8 Stlth-}
   (You took it off a deep elf sorcerer on level 3 of the Elven Halls)

   [ring of loudness]

   It affects your intelligence (+3).
   It affects your dexterity (+8).
   It makes you less stealthy.
 J - a ring of protection from magic (right hand)
 K - the ring of Temptation {rCorr rF+ Int+2}
   (You took it off a deep elf blademaster on level 3 of the Elven Halls)

   [ring of resist corrosion]

   It affects your intelligence (+2).
   It protects you from fire.
 T - a +3 ring of slaying (left hand)
Wands
 j - a wand of iceblast (3/15)
 n - a wand of digging (21/24)
 D - a wand of lightning (0/15)
 G - a wand of teleportation (3/9)
 M - a wand of teleportation (5/9)
 N - a wand of hasting (0/9)
 P - a wand of disintegration (19/24)
Scrolls
 h - 10 scrolls of magic mapping
 l - 8 scrolls of recharging
 o - a scroll of teleportation
 q - 4 scrolls of amnesia
 F - 3 scrolls of fog
 Q - 16 scrolls of remove curse
 U - 12 scrolls of identify
 X - 2 scrolls of enchant armour
 Y - 4 scrolls of fear
Potions
 a - 3 potions of resistance
 m - 3 potions of flight
 r - a potion of agility
 s - 3 potions of ambrosia
 u - 2 potions of magic
 w - 5 potions of brilliance
 L - 3 potions of cancellation
 V - a potion of cure mutation
 W - 3 potions of might
Miscellaneous
 g - a lamp of fire
Comestibles
 f - 16 bread rations
 i - 5 beef jerkies
 k - 20 meat rations
 R - 4 fruits
 Z - a royal jelly


   Skills:
 + Level 16.3(14.4) Fighting
 + Level 22.9(20.7) Axes
 - Level 1.7(0.5) Throwing
 + Level 14.7(12.9) Armour
 * Level 10.5(8.8) Dodging
 - Level 8.8(7.3) Invocations
 - Level 5.0(3.6) Evocations


You had 20 spell levels left.
You didn't know any spells.

Dungeon Overview and Level Annotations

Branches:
Dungeon (15/15)            Temple (1/1) D:4            Lair (6/6) D:9
 Shoals (4/4) Lair:4       Spider (0/4) Lair:3        Slime (0/5) Lair:5
    Orc (2/2) D:11            Elf (3/3) Orc:2        Vaults (3/5) D:13
  Crypt (0/3) Vaults:2     Depths (1/5) D:15

Altars:
Ashenzari
Cheibriados
Dithmenos
Elyvilon
Fedhas
Gozag
Hepliaklqana
Kikubaaqudgha
Makhleb
Nemelex Xobeh
Okawaru
Qazlal
Ru
Trog
Uskayaw
Vehumet
Xom
Yredelemnul
Zin
The Shining One
Beogh
Jiyva

Shops:
D:7 !   D:9 (   D:11 (   D:13 [   D:14 =   Orc:2 (?[?%[   Elf:2 !   Shoals:2 (

Portals:
Hell: Depths:1
Abyss: Depths:1
Ziggurat: Depths:1

Annotations:
Lair:3 1 exclusion
Elf:2 5 runed doors


Innate Abilities, Weirdness & Mutations

You have a pair of large antennae on your head. (SInv)
You are completely covered in thin metallic scales. (AC +4, rElec)
You frequently emit foul miasma when damaged in melee.
You regenerate a lot of health from kills.
You are robust. (+10% HP)
You are immune to rotting.


Message History

Unknown command.
You slash the frost giant! You burn the frost giant.
The frost giant is severely wounded.
The centaur warrior shoots an arrow.
The arrow hits you but does no damage.
The frost giant hits you but does no damage.
Unknown command.
You hit the frost giant. You burn the frost giant.
The frost giant is severely wounded.
The centaur warrior shoots an arrow.
The arrow hits you.
* * * LOW HITPOINT WARNING * * *
Unknown command.
You slice the frost giant!! You burn the frost giant.
You kill the frost giant!
Okawaru accepts your kill.
The centaur warrior shoots an arrow.
The arrow hits you.
* * * LOW HITPOINT WARNING * * *
Unknown command.
The centaur warrior unwields an uncursed shortbow.
The centaur warrior hits you!
You die...

########## #..^#####..
#........# #....##....
#........# #.#...##...
#........# #.##...##..
{#...(....#
#.###...##. #........#
#.#.##...#'
#....(...#####..##....
+...)(...##......##...
#....@...##.....(('...
#....c...##......##)..
#........#####..##.))[
#........# #.#.##...#(
#........# #.###...##(
#........# #.##...##..
####+##### #.#...##...
....# #....##.(..
#...#####.(


You could see a centaur warrior.

Vanquished Creatures
  Saint Roka (Orc:2)
  A hellephant (Abyss:2)
  A lich (Abyss:2)
  A tentacled monstrosity (Abyss:2)
  2 deep elf blademasters (Elf:3)
  The ghost of Eniamerus the Imperceptible, an adept SpAs of Okawaru (Vaults:2)
  A tentacled starspawn (Abyss:2)
  2 deep elf master archers (Elf:3)
  Gastronok (Lair:2)
  Donald (Elf:3)
  Ilsuiw (Shoals:4)
  Roxanne (Shoals:1)
  A fire giant (Depths:1)
  2 frost giants
  9 deep elf sorcerers
  Louise (Elf:1)
  5 vault wardens
  An orc warlord (Elf:1)
  4 deep elf elementalists (Elf:3)
  3 very ugly things (Vaults:1)
  A ghoul (Vaults:1)
  3 stone giants
  7 ironheart preservers
  2 entropy weavers
  10 deep elf demonologists
  2 dire elephants
  4 small abominations
  Azrael (Orc:2)
  5 deep elf annihilators
  An ettin (Orc:2)
  A deep elf death mage (Elf:3)
  5 merfolk javelineers
  A jiangshi (Vaults:2)
  14 merfolk impalers
  2 fire dragons
  Josephine (Lair:5)
  2 deep elf high priests (Elf:3)
  2 yaktaur captains
  3 great orbs of eyes
  A rakshasa (Depths:1)
  Erolcha (Orc:1)
  8 hydras
  Fannar (D:11)
  5 vault guards
  5 ice dragons
  A merfolk avatar (Shoals:4)
  2 catoblepae
  4 merfolk aquamancers
  A satyr (Shoals:3)
  6 centaur warriors
  An alligator snapping turtle (Shoals:2)
  18 dancing weapons
  6 death knights
  4 ogre magi
  A tengu warrior (D:10)
  7 death yaks (Lair:6)
  A deep troll earth mage (Depths:1)
  5 deep troll shamans
  Nergalle (Orc:1)
  4 orc high priests
  12 deep elf knights
  A vampire mage (Depths:1)
  Sonja (D:11)
  6 hell knights (Depths:1)
  An iron troll (Depths:1)
  11 skeletal warriors
  2 wizards
  A flayed ghost (Vaults:1)
  9 deep trolls
  19 sea snakes
  A deep troll (shapeshifter) (Vaults:2)
  3 unseen horrors
  A lindwurm (Lair:2)
  4 hill giants
  7 deep elf archers
  19 harpies
  17 orc knights
  5 ironbrand convokers
  2 phantasmal warriors
  A necromancer (Depths:1)
  3 fauns (Shoals:3)
  5 wolf spiders
  4 cyclopes
  14 manticores
  32 ugly things
  7 orc sorcerers
  3 salamanders (shapeshifter)
  A salamander (D:15)
  50 deep elf magi
  Maurice (Orc:2)
  5 black mambas
  6 sirens
  4 vault sentinels
  6 elephants
  6 water nymphs
  A spiny frog (shapeshifter) (Depths:1)
  16 spiny frogs
  9 freezing wraiths
  3 kobold demonologists (D:14)
  A rime drake (Lair:6)
  9 komodo dragons
  A yaktaur (shapeshifter) (Vaults:3)
  28 yaktaurs
  A tengu conjurer (D:15)
  12 trolls
  4 wind drakes
  34 merfolk
  A meliai (shapeshifter) (Vaults:2)
  2 polar bears
  A wind drake (shapeshifter) (Vaults:2)
  12 blink frogs (Lair:6)
  15 two-headed ogres
  11 dream sheep
  Grinder (D:5)
  16 slime creatures
  11 snapping turtles
  19 hippogriffs
  3 wyverns
  12 water elementals
  2 human simulacra
  A yak (shapeshifter) (Vaults:2)
  A shadow (D:13)
  An air elemental (Elf:3)
  3 redbacks (Vaults:2)
  41 yaks
  8 wraiths
  2 vampires (D:15)
  A golden eye (shapeshifter) (D:15)
  A human (shapeshifter) (D:13)
  5 basilisks
  A chaos spawn (Abyss:2)
  3 fire elementals
  6 vampire mosquitoes
  2 hungry ghosts
  The ghost of Kirkhe the Chopper, an amateur DsGl (D:4)
  Menkaure (D:6)
  2 mottled dragons
  4 wargs
  A soldier ant (D:15)
  5 porcupines
  8 hell hounds
  11 water moccasins
  2 ice beasts
  An eye of draining (shapeshifter) (Vaults:3)
  59 orc warriors
  A sky beast (D:12)
  4 phantoms
  28 ogres
  12 boggarts
  A boggart (shapeshifter) (Vaults:3)
  11 wolves
  22 centaurs
  3 big kobolds (D:14)
  11 crocodiles
  13 bullfrogs
  A deep troll simulacrum (Vaults:1)
  2 earth elementals
  3 wyvern skeletons
  3 scorpions
  12 killer bees
  9 wights
  2 electric eels (Elf:3)
  A howler monkey (D:5)
  9 crimson imps
  A bullfrog zombie (D:13)
  4 centaur zombies
  8 hounds
  5 jellies
  26 orc priests
  Crazy Yiuf (D:4)
  2 bullfrog skeletons
  4 centaur skeletons
  3 iguanas
  36 orc wizards
  7 worker ants
  A hound zombie (D:9)
  A worker ant zombie (D:10)
  10 gnolls
  12 adders
  2 shadow imps
  3 oozes
  6 adder skeletons
  3 worms
  A dart slug (D:1)
  3 leopard geckos
  140 orcs
  18 bats
  4 giant cockroaches
  14 hobgoblins
  13 jackals
  13 kobolds
  6 quokkas
  10 ball pythons
  8 frilled lizards
  7 goblins
  2 jackal skeletons
  5 rats
  2 crawling corpses (Elf:3)
  5 fungi
  19 plants
  2 starspawn tentacles (Abyss:2)
1411 creatures vanquished.

Vanquished Creatures (others)
  An ironheart preserver (Vaults:2)
  An ogre mage (Vaults:3)
  A water elemental (Depths:1)
  An orc warrior (Elf:3)
  A human (D:3)
  A centaur (Vaults:3)
  An orc priest (Elf:1)
  10 fungi
  4 plants (Shoals:3)
  8 tentacles
29 creatures vanquished.

Grand Total: 1440 creatures vanquished

Notes
Turn   | Place    | Note
-------+----------+-------------------------------------------
     0 | D:1      | Kirkhe the Demonspawn Gladiator began the quest for the Orb.
     0 | D:1      | Reached XP level 1. HP: 16/16 MP: 1/1
     2 | D:1      | Noticed a spriggan
     4 | D:1      | Noticed a dwarf
     4 | D:1      | Noticed a minotaur
     6 | D:1      | Noticed an elf
     6 | D:1      | Noticed a vampire
     8 | D:1      | Noticed a gargoyle
     8 | D:1      | Noticed a centaur
    10 | D:1      | Noticed a felid
    10 | D:1      | Noticed a naga
    12 | D:1      | Noticed a formicid
    12 | D:1      | Noticed a halfling
    14 | D:1      | Noticed a demigod
    14 | D:1      | Noticed a ghoul
    18 | D:1      | Noticed a human
    18 | D:1      | Noticed an ogre
    20 | D:1      | Noticed a troll
    20 | D:1      | Noticed a tengu
    22 | D:1      | Noticed an octopode
    22 | D:1      | Noticed a draconian
    24 | D:1      | Noticed a vine stalker
    24 | D:1      | Noticed a merfolk
    26 | D:1      | Noticed a demonspawn
   170 | D:1      | Reached skill level 3 in Axes
   439 | D:1      | Gained mutation: You are partially covered in thin metallic scales. (AC +2) [demonic ancestry]
   439 | D:1      | Reached XP level 2. HP: 4/22 MP: 2/2
   842 | D:1      | Reached skill level 1 in Armour
   996 | D:1      | Reached XP level 3. HP: 24/27 MP: 3/3
  1958 | D:2      | Reached skill level 4 in Axes
  1958 | D:2      | Reached XP level 4. HP: 27/33 MP: 4/4
  2896 | D:3      | Gained mutation: You regenerate a little health from kills. [demonic ancestry]
  2896 | D:3      | Reached XP level 5. HP: 27/38 MP: 5/5
  3504 | D:3      | Found an ancient bone altar of Kikubaaqudgha.
  3505 | D:3      | Noticed a human
  3507 | D:3      | Killed a human
  3719 | D:3      | Reached skill level 5 in Axes
  4147 | D:4      | Reached XP level 6. HP: 37/44 MP: 6/6
  4184 | D:4      | Found a radiant altar of Vehumet.
  4185 | D:4      | Found a burning altar of Makhleb.
  4261 | D:4      | Reached skill level 6 in Axes
  4371 | D:4      | Found a bloodstained altar of Trog.
  4373 | D:4      | Got an ichor-stained dagger
  4432 | D:4      | Found a staircase to the Ecumenical Temple.
  4670 | Temple   | Entered the Ecumenical Temple
  4708 | Temple   | Became a worshipper of Warmaster Okawaru
  4853 | D:4      | Noticed Kirkhe's ghost (amateur DsGl)
  4871 | D:4      | Killed Kirkhe's ghost
  4871 | D:4      | Reached XP level 7. HP: 47/50 MP: 7/7
  5026 | D:4      | Found a runed door.
  5030 | D:4      | Noticed Crazy Yiuf
  5039 | D:4      | Paralysed by Crazy Yiuf for 6 turns
  5530 | D:4      | Paralysed by Crazy Yiuf for 2 turns
  5539 | D:4      | Killed Crazy Yiuf
  5738 | D:5      | Entered Level 5 of the Dungeon
  5748 | D:5      | Reached skill level 7 in Axes
  5848 | D:5      | Noticed Grinder
  5876 | D:5      | Killed Grinder
  5876 | D:5      | Reached * piety under Okawaru
  5905 | D:5      | Found a blossoming altar of Fedhas.
  6101 | D:5      | Found a glowing golden altar of the Shining One.
  6180 | D:5      | Gained mutation: You are immune to rotting. [demonic ancestry]
  6180 | D:5      | Reached XP level 8. HP: 53/56 MP: 8/8
  6186 | D:5      | Reached ** piety under Okawaru
  6186 | D:5      | Reached skill level 8 in Axes
  6800 | D:6      | Noticed Menkaure
  6806 | D:6      | Killed Menkaure
  6865 | D:6      | Reached skill level 9 in Axes
  7227 | D:6      | Reached skill level 5 in Armour
  7319 | D:6      | Gained mutation: You regenerate health from kills. [demonic ancestry]
  7319 | D:6      | Reached XP level 9. HP: 59/61 MP: 9/9
  7612 | D:6      | Identified a scroll of acquirement
  7613 | D:6      | Got a pair of crude gloves
  7624 | D:6      | Identified the +1 pair of gloves "Cestos" {*Contam rElec rC+++ Stlth+} (You acquired it on level 6 of the Dungeon)
  7645 | D:7      | Reached skill level 10 in Axes
  7756 | D:7      | Found Riloiq's Distillery.
  7814 | D:7      | Reached *** piety under Okawaru
  8123 | D:7      | Found a stormy altar of Qazlal.
  8164 | D:7      | Found a sacrificial altar of Ru.
  8236 | D:7      | Noticed a troll
  8252 | D:7      | Killed a troll
  8252 | D:7      | Reached skill level 1 in Invocations
  8417 | D:8      | Reached skill level 11 in Axes
  8426 | D:8      | Found a shimmering altar of Xom.
  8427 | D:8      | Found a shimmering altar of Xom.
  8427 | D:8      | Found a shimmering altar of Xom.
  8427 | D:8      | Found a shimmering altar of Xom.
  8427 | D:8      | Found a shimmering altar of Xom.
  8428 | D:8      | Found a shimmering altar of Xom.
  8428 | D:8      | Found a shimmering altar of Xom.
  8429 | D:8      | Found a shimmering altar of Xom.
  8429 | D:8      | Found a shimmering altar of Xom.
  8480 | D:8      | Found an opulent altar of Gozag.
  8909 | D:8      | Received a gift from Okawaru
  9193 | D:8      | HP: 2/61 [orc warrior/scimitar of flaming (4)]
  9707 | D:9      | Reached **** piety under Okawaru
  9707 | D:9      | Gained mutation: You have a pair of small antennae on your head. [demonic ancestry]
  9707 | D:9      | Reached XP level 10. HP: 41/67 MP: 8/10
  9766 | D:9      | Reached skill level 12 in Axes
  9836 | D:9      | Found Gef Car's Antique Weapon Shop.
 10014 | D:9      | Found a staircase to the Lair.
 10804 | D:10     | Entered Level 10 of the Dungeon
 10908 | D:10     | Killed an unseen horror
 10908 | D:10     | Reached ***** piety under Okawaru
 11212 | D:10     | Noticed a tengu warrior
 11268 | D:10     | Killed a tengu warrior
 11268 | D:10     | Reached skill level 13 in Axes
 12538 | D:8      | Found an iron altar of Okawaru.
 12555 | D:8      | Gained mutation: You regenerate a lot of health from kills. [demonic ancestry]
 12555 | D:8      | Reached XP level 11. HP: 41/75 MP: 11/11
 12708 | D:7      | Bought a potion of beneficial mutation for 420 gold pieces
 12708 | D:7      | Bought a potion of haste for 120 gold pieces
 12708 | D:7      | Bought a potion of agility for 48 gold pieces
 12708 | D:7      | Bought a potion of heal wounds for 60 gold pieces
 12708 | D:7      | Gained mutation: You have a beak for a mouth. [potion of beneficial mutation]
 12752 | Lair:1   | Entered Level 1 of the Lair of Beasts
 13570 | Lair:2   | Found a dark tunnel.
 13618 | Lair:2   | Received a gift from Okawaru
 13657 | Lair:2   | Noticed Gastronok
 13672 | Lair:2   | Killed Gastronok
 13672 | Lair:2   | Received a gift from Okawaru
 13672 | Lair:2   | Reached skill level 5 in Fighting
 13677 | Lair:2   | Got a slimy hand axe {god gift}
 13753 | Volcano  | Entered a volcano
 13802 | Volcano  | Got a shimmering plate armour
 13830 | Volcano  | Noticed a hell knight
 13860 | Lair:2   | Identified the +3 plate armour of Qazlal's Reproof {rF+ Str+6 Int-2} (You found it in a volcano)
 14050 | Lair:2   | Reached skill level 14 in Axes
 14220 | Lair:2   | Noticed a lindwurm
 14225 | Lair:2   | Killed a lindwurm
 14788 | Lair:3   | Noticed a six-headed hydra
 14804 | Lair:3   | Killed a two-headed hydra
 14804 | Lair:3   | Gained mutation: You have a pair of antennae on your head. [demonic ancestry]
 14804 | Lair:3   | Reached XP level 12. HP: 60/88 MP: 12/12
 14860 | Lair:3   | Received a gift from Okawaru
 15009 | Lair:3   | Reached ****** piety under Okawaru
 15222 | Lair:3   | Found a hole to the Spider Nest.
 15326 | Lair:3   | Noticed a five-headed hydra
 15349 | Lair:3   | Killed a two-headed hydra
 15349 | Lair:3   | Reached skill level 15 in Axes
 15381 | Lair:3   | Identified the +6 hand axe of Sicyduw {venom, rPois rN+} (Okawaru gifted it to you on level 2 of the Lair of Beasts)
 15906 | Lair:4   | Received a gift from Okawaru
 15910 | Lair:4   | Got a pair of pitted gloves {god gift}
 15913 | Lair:4   | Found a staircase to the Shoals.
 15962 | Lair:4   | Identified the +0 pair of gloves of Libommob {rC+ MP+9} (Okawaru gifted it to you on level 4 of the Lair of Beasts)
 16237 | Lair:4   | Noticed a seven-headed hydra
 16243 | Lair:4   | Killed a five-headed hydra
 16816 | Lair:5   | Noticed an eight-headed hydra
 16817 | Lair:5   | Noticed Josephine
 16829 | Lair:5   | Killed a six-headed hydra
 16838 | Lair:5   | Killed Josephine
 16838 | Lair:5   | Gained mutation: You have a pair of large antennae on your head. (SInv) [demonic ancestry]
 16838 | Lair:5   | Reached XP level 13. HP: 97/98 MP: 11/13
 16838 | Lair:5   | Reached skill level 16 in Axes
 16892 | Lair:5   | Found a viscous altar of Jiyva.
 16893 | Lair:5   | Found a staircase to the Slime Pits.
 17394 | Lair:5   | Received a gift from Okawaru
 17705 | Lair:6   | Entered Level 6 of the Lair of Beasts
 17711 | Lair:6   | Reached skill level 10 in Armour
 18540 | Lair:6   | Reached skill level 17 in Axes
 18559 | Lair:6   | Noticed a dire elephant
 18870 | Lair:6   | Killed a dire elephant
 19150 | Lair:6   | Gained mutation: You may emit foul miasma when damaged in melee. [demonic ancestry]
 19150 | Lair:6   | Reached XP level 14. HP: 104/108 MP: 17/17
 19260 | Lair:6   | Received a gift from Okawaru
 19270 | Lair:6   | Got a pair of bloodstained boots {god gift}
 19276 | Lair:6   | Identified the +0 pair of boots "Cuafehij" {*Slow rPois MR+ rCorr} (Okawaru gifted it to you on level 6 of the Lair of Beasts)
 19505 | D:11     | Noticed Sonja
 19513 | D:11     | Killed Sonja
 19589 | D:11     | Found Pexzac's Weapon Shoppe.
 19620 | D:11     | Noticed Fannar
 19622 | D:11     | Found a staircase to the Orcish Mines.
 19633 | D:11     | Killed Fannar
 19633 | D:11     | Reached skill level 5 in Invocations
 20090 | Orc:1    | Entered Level 1 of the Orcish Mines
 20131 | Orc:2    | Entered Level 2 of the Orcish Mines
 20197 | Orc:2    | Found a staircase to the Elven Halls.
 20509 | Orc:2    | Noticed Azrael
 20521 | Orc:2    | Noticed Maurice
 20543 | Orc:2    | Killed Maurice
 20545 | Orc:2    | Killed Azrael
 20622 | Orc:2    | Found a roughly hewn altar of Beogh.
 20979 | Orc:2    | Noticed Saint Roka
 21006 | Orc:2    | Killed Saint Roka
 21032 | Orc:2    | Found Weem's Antique Armour Shoppe.
 21033 | Orc:2    | Found a roughly hewn altar of Beogh.
 21051 | Orc:2    | Found Voifyubb's Antique Weapon Emporium.
 21244 | Orc:2    | Reached skill level 10 in Fighting
 21273 | Orc:2    | Found Ceul's Armour Boutique.
 21379 | Orc:2    | Found Medoteck's Magic Scroll Boutique.
 21388 | Orc:2    | Bought a scroll of identify for 24 gold pieces
 21388 | Orc:2    | Bought a scroll of enchant weapon for 90 gold pieces
 21400 | Orc:2    | Found a roughly hewn altar of Beogh.
 21425 | Orc:2    | Found a roughly hewn altar of Beogh.
 21514 | Orc:2    | Found Luiklenk's Food Shop.
 21595 | Orc:2    | Found a roughly hewn altar of Beogh.
 21595 | Orc:2    | Found Mushre's Magic Scroll Boutique.
 21625 | Orc:2    | Bought a scroll of blinking for 105 gold pieces
 21625 | Orc:2    | Bought a scroll of blinking for 105 gold pieces
 21736 | Orc:1    | Noticed Nergalle
 21746 | Orc:1    | Killed Nergalle
 21791 | Orc:1    | Noticed Erolcha
 21795 | Orc:1    | Received a gift from Okawaru
 21804 | Orc:1    | Killed Erolcha
 21804 | Orc:1    | Reached skill level 18 in Axes
 21806 | Orc:1    | Got a crystal great mace {god gift}
 22119 | Orc:1    | Identified the +1 great mace "Muceoll" {antimagic, *Corrode rPois Stlth+} (Okawaru gifted it to you on level 1 of the Orcish Mines)
 22282 | D:12     | Identified the Reference Book on Unstable Conjuration
 23044 | D:13     | Reached XP level 15. HP: 106/116 MP: 21/21
 23050 | D:13     | Found Nauppomokk's Antique Armour Boutique.
 23470 | D:13     | Received a gift from Okawaru
 23507 | D:13     | Found a gate to the Vaults.
 23829 | D:14     | Found Xirhad's Jewellery Emporium.
 24253 | D:15     | Entered Level 15 of the Dungeon
 24305 | D:15     | Received a gift from Okawaru
 24777 | D:15     | Found a staircase to the Depths.
 25199 | Shoals:1 | Entered Level 1 of the Shoals
 25199 | Shoals:1 | Noticed Roxanne
 25377 | Elf:1    | Entered Level 1 of the Elven Halls
 25502 | Elf:1    | Received a gift from Okawaru
 25653 | Elf:1    | Reached skill level 19 in Axes
 25761 | Elf:1    | Noticed a deep elf sorcerer
 25761 | Elf:1    | Noticed Louise
 25773 | Elf:1    | Killed a deep elf sorcerer
 25783 | Elf:1    | Killed Louise
 25797 | Elf:1    | Identified Noryenoa's Disquisition on Confrontation and the Escort
 25871 | Elf:1    | Found a roughly hewn altar of Beogh.
 25871 | Elf:1    | Noticed an orc warlord
 26092 | Elf:1    | Killed an orc warlord
 26120 | Elf:1    | Gained mutation: You are mostly covered in thin metallic scales. (AC +3) [demonic ancestry]
 26120 | Elf:1    | Reached XP level 16. HP: 99/127 MP: 19/22
 26160 | Elf:1    | Received a gift from Okawaru
 26483 | Elf:2    | Found Duvafyos's Distillery.
 26739 | Elf:2    | Found a huge runed gate.
 26739 | Elf:2    | Found a huge runed gate.
 26739 | Elf:2    | Found a huge runed gate.
 26739 | Elf:2    | Found a huge runed gate.
 26741 | Elf:2    | Found a huge runed gate.
 27493 | Elf:3    | Entered Level 3 of the Elven Halls
 27542 | Elf:3    | Noticed Donald
 27554 | Elf:3    | Killed Donald
 27688 | Elf:3    | Received a gift from Okawaru
 27691 | Elf:3    | Got a fine lajatang {god gift}
 28678 | Elf:3    | Identified the +0 lajatang of Jaosm {antimagic, +Blink rN+} (Okawaru gifted it to you on level 3 of the Elven Halls)
 28795 | Elf:3    | Received a gift from Okawaru
 28800 | Elf:3    | Noticed a Tzitzimitl
 29116 | Elf:3    | Cast into level 2 of the Abyss (a deep elf demonologist)
 29126 | Elf:3    | Escaped the Abyss
 29127 | Elf:3    | Noticed a Hell Sentinel
 29129 | Elf:3    | Reached skill level 20 in Axes
 29204 | Elf:3    | Noticed a deep elf blademaster
 29220 | Elf:3    | Killed a deep elf blademaster
 29388 | Elf:3    | Noticed a Hell Sentinel
 29393 | Elf:3    | Reached XP level 17. HP: 125/136 MP: 23/23
 29452 | Elf:3    | Got a slimy steel ring
 29455 | Elf:3    | Identified the ring "Paxiz" {Int+3 Dex+8 Stlth-} (You took it off a deep elf sorcerer on level 3 of the Elven Halls)
 29615 | Elf:3    | Noticed a deep elf blademaster
 29640 | Elf:3    | Killed a deep elf blademaster
 29816 | Elf:3    | Noticed a deep elf master archer
 29817 | Elf:3    | Received a gift from Okawaru
 29840 | Elf:3    | Killed a deep elf master archer
 29840 | Elf:3    | Received a gift from Okawaru
 30092 | Elf:3    | Reached skill level 5 in Dodging
 30143 | Elf:3    | Got a scintillating turquoise ring
 30151 | Elf:3    | Identified the ring of Temptation {rCorr rF+ Int+2} (You took it off a deep elf blademaster on level 3 of the Elven Halls)
 30246 | Elf:3    | Noticed a deep elf master archer
 30265 | Elf:3    | Killed a deep elf master archer
 30282 | Elf:3    | Identified Lehucrei's Disquisition on Torrid Air
 30335 | Elf:3    | Got a shimmering scale mail
 30340 | Elf:3    | Identified the Grimoire of the Ageless Realms
 30357 | Elf:3    | Identified a +1 pair of boots of running (You found it on level 3 of the Elven Halls)
 30427 | Elf:3    | Reached skill level 5 in Evocations
 30427 | Elf:3    | Reached XP level 18. HP: 143/143 MP: 24/24
 30818 | Depths:1 | Entered Level 1 of the Depths
 30827 | Depths:1 | Found a one-way gate to the infinite horrors of the Abyss.
 31118 | Depths:1 | Found a shattered altar of Ashenzari.
 31198 | Depths:1 | Found a gateway to Hell.
 31248 | Depths:1 | Found a gateway to a ziggurat.
 31248 | Depths:1 | Noticed a lich
 31996 | Shoals:1 | Killed Roxanne
 32027 | Shoals:1 | Identified Roxanne's Reference Book on Earth (You took it off Roxanne on level 1 of the Shoals)
 32390 | Shoals:1 | Received a gift from Okawaru
 33211 | Shoals:2 | Found Viplushy's Antique Weapon Shoppe.
 33526 | Shoals:3 | Gained mutation: You are completely covered in thin metallic scales. (AC +4, rElec) [demonic ancestry]
 33526 | Shoals:3 | Reached XP level 19. HP: 122/153 MP: 25/25
 34126 | Shoals:3 | HP: 3/153 [water nymph/the raging water (16)]
 34401 | Shoals:3 | Reached skill level 21 in Axes
 34632 | Shoals:3 | Received a gift from Okawaru
 34651 | Shoals:3 | Got a spiked plate armour {god gift}
 35267 | Shoals:3 | Identified the +1 plate armour "Kiegaus" {*Drain rF++ Regen+ Stlth-} (Okawaru gifted it to you on level 3 of the Shoals)
 35268 | Shoals:4 | Entered Level 4 of the Shoals
 35557 | Shoals:4 | Noticed Ilsuiw
 35591 | Shoals:4 | Killed Ilsuiw
 36338 | Shoals:4 | Got a barnacled rune of Zot
 36611 | Lair:1   | Gained mutation: Potions and wands are less effective at restoring your health. [potion of mutation]
 36611 | Lair:1   | Gained mutation: You are dopey. (Int -2) [potion of mutation]
 36611 | Lair:1   | Lost mutation: You are dopey. (Int -2) [potion of mutation]
 36612 | Lair:1   | Gained mutation: You are robust. (+10% HP) [potion of mutation]
 36612 | Lair:1   | Gained mutation: You are weak. (Str -2) [potion of mutation]
 36612 | Lair:1   | Gained mutation: You are agile. (Dex +2) [potion of mutation]
 36613 | Lair:1   | Lost mutation: You are agile. (Dex +2) [potion of cure mutation]
 36613 | Lair:1   | Lost mutation: You are robust. (+10% HP) [potion of cure mutation]
 36613 | Lair:1   | Lost mutation: Potions and wands are less effective at restoring your health. [potion of cure mutation]
 36613 | Lair:1   | Lost mutation: You are weak. (Str -2) [potion of cure mutation]
 36613 | Lair:1   | Lost mutation: You have a beak for a mouth. [potion of cure mutation]
 36730 | Vaults:1 | Entered Level 1 of the Vaults
 36840 | Vaults:1 | Reached skill level 15 in Fighting
 37283 | Vaults:1 | Received a gift from Okawaru
 37782 | Vaults:1 | Received a gift from Okawaru
 37846 | Vaults:1 | Gained mutation: You frequently emit foul miasma when damaged in melee. [demonic ancestry]
 37846 | Vaults:1 | Reached XP level 20. HP: 156/162 MP: 24/26
 38680 | Vaults:2 | Noticed Eniamerus's ghost (adept SpAs)
 38907 | Vaults:2 | Killed Eniamerus's ghost
 39034 | Vaults:2 | Reached skill level 22 in Axes
 39184 | Vaults:2 | Found a staircase to the Crypt.
 39542 | Vaults:2 | Received a gift from Okawaru
 39893 | Vaults:2 | Cast into level 2 of the Abyss (a deep elf demonologist)
 40009 | Abyss:2  | Found a corrupted altar of Lugonu.
 40112 | Vaults:2 | Escaped the Abyss
 40200 | Vaults:2 | Received a gift from Okawaru
 40232 | Vaults:2 | Got a pair of distressingly furry gloves {god gift}
 40313 | Vaults:2 | Reached skill level 10 in Dodging
 40522 | Vaults:3 | Identified the +0 pair of gloves "Egan" {*Drain rElec rCorr Str+4} (Okawaru gifted it to you on level 2 of the Vaults)
 40968 | Vaults:3 | Gained mutation: You are robust. (+10% HP) [demonic ancestry]
 40968 | Vaults:3 | Reached XP level 21. HP: 108/188 MP: 27/27
 41166 | Vaults:3 | HP: 8/188 [frost giant/battleaxe of freezing (2)]
 41172 | Vaults:3 | HP: 6/188 [centaur warrior/arrow (6)]
 41174 | Vaults:3 | Slain by a centaur warrior

Vault maps used:
D:1:      kb_arrival_jail, minmay_cupped
D:2:      kennysheep_six_static_rooms, minmay_snake_closets
D:3:      tgw_kikubaaqudgha
D:4:      grunt_temple_overflow_lords_of_destruction, bloody_trog,
          uniq_crazy_yiuf_cottage
D:5:      fedhas_bush_and_centaur_altar, marbit_many_paths, first_bread,
          uniq_grinder
D:6:      old_forge, serial_bayou, serial_bayou_pond_e, serial_bayou_pond_d,
          serial_bayou_shore_b, serial_bayou_shore_b, uniq_menkaure
D:7:      overflow_temple_1_default, nicolae_ru_the_path_less_chosen,
          serial_shops, shop
D:8:      lemuel_upstairs_altar, xom_shifter_show, old_standard_altar
D:9:      dpeg_lair_monsters, serial_shops, shop
D:10:     abandoned_shop, grunt_tengu_nest
D:11:     orc_david_3, serial_shops, kennysheep_mini_moat, uniq_fannar,
          uniq_sonja
D:13:     erik_vaults_1, serial_shops, nicolae_shop_crystal
D:14:     hangedman_decor_clover_reticule, serial_shops,
          nicolae_shop_temple_entry_statues_fountains
D:15:     hangedman_depths_entry_try_elsewhere_first
Temple:   nicolae_temple_x_marks_the_god
Lair:1:   small_statue_intersection, st_stairs_7, minivault_27
Lair:2:   enter_volcano_3, st_stairs_9, uniq_gastronok
Lair:3:   nicolae_spider_entry_orb_guardian
Lair:4:   minmay_shoals_entry_beasts, ldierk_geyser, lemuel_fruit_fields,
          grunt_megastairs_3
Lair:5:   slime_altar_1, uniq_josephine
Lair:6:   grunt_lair_end_beastmaster
Shoals:1: nicolae_shoals_circle_sea_wall, uniq_roxanne
Shoals:2: serial_shops, shop
Shoals:4: shoals_end_grunt_ice, shoal_ilsuiw
Orc:1:    uniq_nergalle, uniq_erolcha
Orc:2:    grunt_orc_community_town_hall, grunt_orc_community_big_house_2,
          grunt_orc_community_big_house_1, grunt_orc_community_house_1,
          grunt_orc_community_house_2, grunt_orc_community_house_2,
          grunt_orc_community_house_3, grunt_orc_community_house_2,
          grunt_orc_community_house_2, serial_shops, nicolae_shop_waterfront,
          shop, uniq_maurice, uniq_azrael
Elf:1:    mu_enter_wizlab_1, special_room, minmay_elf_sorcery, uniq_louise
Elf:2:    serial_shops, nicolae_shop_stone, minmay_misc_feat_five, st_stairs_13,
          minmay_misc_feat_diagonals, hangedman_glass_teeth
Elf:3:    elf_hall_gauntlet_narrow, uniq_donald
Vaults:1: vaults_room_door_ring, nicolae_vaults_disjoint_gnomons,
          hangedman_vaults_nails, nicolae_vaults_what_the_h,
          hangedman_vaults_slice, v_misc_27, vaults_standard_mumra_lines,
          v_misc_24, ontoclasm_vaults_gateway
Vaults:2: minmay_crypt_entry_simple_box, v_misc_4, nicolae_vaults_little_ls,
          nicolae_vaults_big_ls, v_misc_2, vaults_room_grunt_arrival_checkpoint,
          ontoclasm_vaults_misaligned, vaults_room_hallway,
          dpeg_vaults_monster_box
Vaults:3: vaults_standard_mumra_x, nicolae_vaults_three_branches,
          v_alt_pattern_4, nicolae_vaults_arrows, hangedman_vaults_trim,
          v_alt_pattern_5, grunt_vaults_funnel, st_cells, vaults_dpeg_cross,
          ontoclasm_vaults_ring_square, v_misc_8
Depths:1: enter_ziggurat_c, abyss_entry, evilmike_ruin_ashenzari,
          pf_vacation_house_of_asmodeus, minmay_splitting_lines,
          grunt_ministairs_15, corexii_leaking_fountain, lemuel_freeze_loot_1
Abyss:2:  abyss_furniture_001
Volcano:  volcano_caves

Skill      XL: |  1  2  3  4  5  6  7  8  9 10 11 12 13 14 15 16 17 18 19 20 |
---------------+-------------------------------------------------------------+-----
Axes           | 3 4 5 6 7 9 11 13 14 15 17 18 19 20 21 22 | 22.9
Armour         | 1 2 3 4 5 6 7 8 9 10 11 12 13 14 | 14.7
Invocations    | 1 4 8 |  8.8
Fighting       | 3 6 7 9 10 11 13 14 15 16 | 16.3
Dodging        | 4 5 7 8 10 | 10.5
Evocations     | 5 |  5.0
Throwing       | |  1.7

Action                   |  1- 3 |  4- 6 |  7- 9 | 10-12 | 13-15 | 16-18 | 19-21 || total
-------------------------+-------+-------+-------+-------+-------+-------+-------++-------
Melee: War axe           |   140 |   233 |   498 |   378 |       |       |       ||  1249
       Punch             |       |       |     2 |     2 |       |       |       ||     4
       Broad axe         |       |       |       |   118 |       |       |       ||   118
       Peck              |       |       |       |    86 |   238 |   182 |    76 ||   582
       Battleaxe         |       |       |       |   106 |  1035 |   532 |       ||  1673
       Executioner's axe |       |       |       |       |       |   178 |  1164 ||  1342
Throw: Throwing net      |       |       |     2 |     1 |       |       |     1 ||     4
       Tomahawk          |       |       |     3 |       |       |       |       ||     3
       Javelin           |       |       |       |    13 |     2 |     2 |       ||    17
Invok: Heroism           |       |       |     6 |    10 |    10 |     3 |     3 ||    32
       Finesse           |       |       |       |       |     4 |     3 |     4 ||    11
 Abil: Evoke Berserk Rag |       |       |       |     1 |       |       |       ||     1
Evoke: Wand              |       |       |       |     5 |       |     6 |    11 ||    22
  Use: Potion            |     1 |     4 |     3 |    13 |     8 |     4 |    15 ||    48
       Scroll            |       |    13 |     8 |     9 |    11 |    12 |    11 ||    64
 Stab: Sleeping          |       |       |     3 |     4 |       |       |       ||     7
       Invisible         |       |       |       |     3 |     1 |       |       ||     4
       Petrifying        |       |       |       |       |     2 |       |       ||     2
       Petrified         |       |       |       |       |     1 |       |       ||     1
       Distracted        |       |       |       |       |     1 |     1 |       ||     2
  Eat: Chunk             |     3 |     9 |    16 |    17 |    28 |    18 |    22 ||   113
       Pizza             |       |       |       |     1 |     1 |     1 |     2 ||     5
       Meat ration       |       |       |       |     1 |       |       |       ||     1
       Fruit             |       |       |       |       |     1 |       |       ||     1
       Bread ration      |       |       |       |       |     1 |     1 |       ||     2
Armor: Leather armour    |    51 |    49 |       |       |       |       |       ||   100
       Ring mail         |       |    37 |   195 |   181 |       |       |       ||   413
       Plate armour      |       |       |       |   138 |   509 |   376 |   845 ||  1868
Dodge: Dodged            |    96 |   156 |   279 |   261 |   369 |   264 |   582 ||  2007
Block: Other             |       |       |       |    18 |    65 |    78 |   157 ||   318
       Reflection        |       |       |       |       |     3 |     4 |    18 ||    25
